 Dungeon Crawl Stone Soup version 0.32-a0-120-gfac0567ad4 (webtiles) character file.

Game seed: 1364351864490992085

236 jasper the Firebug (level 5, -1/32 HPs)
             Began as a Deep Elf Cinder Acolyte on Feb 6, 2024.
             Was a High Priest of Ignis.
             Slain by a gnoll
             ... wielding a +0 flail
              (3 damage)
             ... on level 5 of the Dungeon.
             The game lasted 00:05:36 (3792 turns).

jasper the Firebug (Deep Elf Cinder Acolyte)        Turns: 3792, Time: 00:05:37

Health: -1/32      AC: 13    Str: 11    XL:     5   Next: 77%
Magic:  7/18       EV: 11    Int: 21    God:    Ignis [*****.]
Gold:   222        SH:  0    Dex: 10    Spells: 5/7 levels left

rFire   + . .        p - +1 spear (vamp)
rCold   . . .        (no shield)
rNeg    + . .        q - +0 ring mail
rPois   +            (no helmet)
rElec   .            (no cloak)
rCorr   .            x - +0 pair of gloves
SInv    +            (no boots)
Will    .....        (no amulet) Stlth
                     f - ring of see invisible
HPRegen 0.25/turn    n - ring of Dogma {rPois rN+ MP+9}
MPRegen 0.16/turn

%: no passive effects
@: fiery-armoured
A: no striking features
a: Renounce Religion, Fiery Armour, Foxfire Swarm, Rising Flame


You were on level 5 of the Dungeon.
You worshipped Ignis.
Ignis was extremely pleased with you.
You visited 1 branch of the dungeon, and saw 5 of its levels.

You collected 222 gold pieces.

Inventory:

Hand Weapons
 a - a -1 spear of flaming
 d - a +2 heavy hand axe
 i - a +4 short sword
 p - a +1 vampiric spear (weapon)
 u - a +2 whip of flaming
Missiles
 j - 10 poisoned darts
 k - 3 boomerangs
Armour
 b - a +0 robe
 h - an orb of mayhem
 m - a +0 leather armour
 q - a +0 ring mail (worn)
 x - a +0 pair of gloves (worn)
Jewellery
 f - a ring of see invisible (left hand)
 n - the ring of Dogma (right hand) {rPois rN+ MP+9}
   (You found it on level 2 of the Dungeon)

   [ring of magical power]

   rPois:     It protects you from poison rN+: It protects you from negative
   energy.
   MP+9:      It affects your magic capacity (+9).
Scrolls
 t - 2 scrolls of teleportation
 v - a scroll of silence
Potions
 c - a potion of resistance {unknown}
 e - 2 potions of attraction
 g - a potion of curing
 l - 5 potions of might
 o - 2 potions of ambrosia


   Skills:
 + Level 3.5 Fighting
 - Level 2.1 Polearms
 + Level 1.1 Armour
 + Level 3.3 Dodging
 - Level 1.5 Spellcasting
 - Level 5.0 Fire Magic


You had 5 spell levels left.
You knew the following spells:

 Your Spells              Type           Power      Damage    Failure   Level
a - Scorch                Fire           44%        2d6       7%          2

Your spell library contained the following spells:

 Spells                   Type           Power      Damage    Failure   Level
 Vhi's Electric Charge    Tloc/Air       2%         N/A       98%         4
 Arcjolt                  Conj/Air       0%         1d10      100%        5
 Iskenderun's Battlesphe  Conj           1%         2d6       100%        5
 Bombard                  Conj/Erth      0%         9d1       100%        6
 Spellforged Servitor     Conj/Summ      0%         N/A       100%        7
 Maxwell's Capacitive Co  Air            0%         ∞         100%        8


Dungeon Overview and Level Annotations

Branches:
Dungeon (5/15)             Temple (0/1) D:4

Altars:


Message History

The gnoll hits you with a +0 flail.
You take 2 damage, and have 30/32 hp.
You now have 14/18 mp.
Casting: Scorch (safe; 7% risk of failure)
Press: ? - help, Q - select action, (/) - cycle Dir - look around, f - activate Flames lash the gnoll.
The gnoll is moderately wounded.
The gnoll's fire resistance burns away.
The gnoll barely misses you.
You now have 12/18 mp.
Casting: Scorch (safe; 7% risk of failure)
Press: ? - help, Q - select action, (/) - cycle Dir - look around, f - activate Flames lash the gnoll.
The gnoll is heavily wounded.
The gnoll's fire resistance burns away.
The gnoll misses you.
You now have 10/18 mp.
Casting: Scorch (safe; 7% risk of failure)
Press: ? - help, Q - select action, (/) - cycle Dir - look around, f - activate Flames lash the gnoll.
The gnoll is burned terribly!
The gnoll is severely wounded.
The gnoll hits you from afar with a +0 spear.
The gnoll hits you with a +0 flail!
You take 13 damage, and have 17/32 hp.
MASSIVE DAMAGE!!
You now have 8/18 mp.
Casting: Scorch (safe; 7% risk of failure)
Press: ? - help, Q - select action, (/) - cycle Dir - look around, f - activate Flames lash the gnoll.
The gnoll is almost dead.
You hear an angry hiss. x2
The gnoll hits you from afar with a +0 spear.
An adder comes into view.
The gnoll barely misses you. The gnoll hits you with a +0 flail!
* * * LOW HITPOINT WARNING * * *
You take 13 damage, and have 4/32 hp.
MASSIVE DAMAGE!!
You now have 6/18 mp.
Unknown command.
A protective cloak of flame settles atop you.
The gnoll hits you from afar with a +0 spear.
* * * LOW HITPOINT WARNING * * *
The gnoll barely misses you. The gnoll hits you with a +0 flail.
You die...
Ignis goes out, and joins you in death.

....... .........
.....S. .........
....... .........
....... ##g(.g....
.......## #.........
........# #.........
.......g###.....#
.......@gg......#
.....####....###....
... #........# . .
#.....#### ...
#.....# ......
#.....####......
#........#.....
###........#...# .
#.............####
..


You could see 3 gnolls and an adder.

Vanquished Creatures
  A hound (D:4)
  A sleepcap (D:4)
  An iguana (D:4)
  An orc wizard (D:3)
  A gnoll (D:5)
  5 adders
  A ribbon worm (D:3)
  9 orcs
  6 endoplasms
  6 giant cockroaches
  4 goblins
  3 hobgoblins
  2 quokkas
  7 ball pythons
  4 bats
  6 frilled lizards
  A kobold (D:2)
  8 rats
67 creatures vanquished.

Notes
Turn   | Place    | Note
-------+----------+-------------------------------------------
     0 | D:1      | jasper the Deep Elf Cinder Acolyte began the quest for the
                  | Orb.
     0 | D:1      | Reached XP level 1. HP: 13/13 MP: 5/5
   193 | D:1      | Reached skill level 1 in Dodging
   356 | D:1      | Reached XP level 2. HP: 18/18 MP: 6/6
   359 | D:1      | Learned a level 2 spell: Scorch
  1332 | D:2      | Reached XP level 3. HP: 23/23 MP: 2/7
  1536 | D:2      | Identified the ring of Dogma {rPois rN+ MP+9}
  2096 | D:3      | Reached XP level 4. HP: 28/28 MP: 8/8
  2204 | D:3      | Reached skill level 4 in Fire Magic
  2848 | D:3      | Reached XP level 5. HP: 32/32 MP: 9/9
  3102 | D:4      | Reached skill level 5 in Fire Magic
  3228 | D:4      | Found a staircase to the Ecumenical Temple.
  3297 | D:4      | Reached skill level 1 in Armour
  3764 | D:5      | Entered Level 5 of the Dungeon
  3792 | D:5      | Slain by a gnoll

Illustrated notes

Levels and vault maps discovered:
D:1:      lightli_arrival_noodles, layout_loops_ring, serial_aquarium,
          aquarium_bridge_square [aquarium_subvault_bridge,
          aquarium_subvault_window, aquarium_subvault_bridge,
          aquarium_subvault_bridge], aquarium_window_3, aquarium_window_fake,
          aquarium_window_fake, aquarium_view_2d, aquarium_pool_four
D:2:      layout_basic, wad_orctagon
D:3:      layout_basic, mainiacjoe_sewer_entry_somewhere_in_here_1
D:4:      layout_rooms, minmay_temple_entry_butterflies
D:5:      layout_basic

Skill      XL: |  1  2  3  4  5 |
---------------+----------------+-----
Dodging        | 1 2 3 |  3.3
Fighting       | 3 |  3.5
Fire Magic     | 4 5 |  5.0
Armour         | 1 |  1.1
Polearms       | |  2.1
Spellcasting   | |  1.5

Action                     |  1- 3 |  4- 6 || total
---------------------------+-------+-------++-------
  Melee: Spear             |    43 |    11 ||    54
         Punch             |     1 |       ||     1
   Cast: Scorch            |    35 |    53 ||    88
 Invoke: Fiery Armour      |       |     1 ||     1
    Use: Scroll            |     6 |     6 ||    12
 Armour: Robe              |    14 |       ||    14
         Ring mail         |     4 |    24 ||    28
         Leather armour    |     4 |       ||     4
  Dodge: Dodged            |    30 |     9 ||    39

Table legend: (Time is in decaauts)
 A = Elapsed time spent in this place.
 B = Non-inter-level travel time spent in this place.
 C = Inter-level travel time spent in this place.
 D = Time resting spent in this place.
 E = Time spent auto-exploring this place.
 F = Levels seen in this place.
 G = Mean time per level.
                   A        B        C        D        E       F      G
               +--------+--------+--------+--------+--------+-----+--------+
         Total |   3794 |   3711 |     83 |    147 |   3111 |   5 |  758.8 |
       Dungeon |   3794 |   3711 |     83 |    147 |   3111 |   5 |  758.8 |
               +--------+--------+--------+--------+--------+-----+--------+

Top non-repeatable levels by time:
     D:1: 1115 daAuts
     D:3: 1070 daAuts
     D:2: 913 daAuts
     D:4: 667 daAuts
     D:5: 27 daAuts
